 Dungeon Crawl Stone Soup version 0.31.0-32-g396128a36d (webtiles) character file.

Game seed: 4305748985927855057

102 KittyFluff the Changeling (level 4, -2/41 HPs)
             Began as a Troll Shapeshifter on Apr 14, 2024.
             Slain by a gnoll
             ... wielding a +0 spear
              (5 damage)
             ... on level 3 of the Dungeon.
             The game lasted 00:06:23 (1531 turns).

KittyFluff the Changeling (Troll Shapeshifter)      Turns: 1531, Time: 00:06:26

Health: -2/41      AC:  4    Str: 24    XL:     4   Next: 50%
Magic:  3/3        EV: 10    Int:  6    God:
Gold:   140        SH:  0    Dex: 15    Spells: 3/3 levels left

rFire   + .          .
                       - Unarmed
rCold   + . .        (no shield)
rNeg    . . .        a - +0 animal skin
rPois   +            (helmet currently unavailable)
rElec   +            (cloak currently unavailable)
rCorr   +            (gloves unavailable)
SInv    .            (boots unavailable)
Will    .....        (no amulet)
Stlth   +            g - ring of resist corrosion
HPRegen 1.06/turn    k - +6 ring of dexterity
MPRegen 0.08/turn

%: no passive effects
@: beast-form, resistant, attractive
A: beast (slay +2), large, unfitting armour, claws 3, regeneration 1, shaggy fur
1, tough skin 1
a: Begin Untransformation


You were on level 3 of the Dungeon.
You were a hulking beast.
You visited 1 branch of the dungeon, and saw 3 of its levels.

You collected 140 gold pieces.

Inventory:

Missiles
 f - 6 darts of dispersal (quivered)
 m - 12 stones
Armour
 a - a +0 animal skin (worn)
Jewellery
 g - a ring of resist corrosion (left claw)
 k - a +6 ring of dexterity (right claw)
 o - a ring of protection from fire
 r - an amulet of magic regeneration
Talismans
 c - a beast talisman
 d - a flux talisman
Scrolls
 h - a scroll of poison {unknown}
 i - a scroll of vulnerability {unknown}
 p - a scroll of enchant weapon {unknown}
 t - a scroll of teleportation {unknown}
Potions
 b - 3 potions of lignification
 e - a potion of attraction
 j - a potion of brilliance
 n - 2 potions of curing
 q - 2 potions of cancellation


   Skills:
 + Level 1.6 Fighting
 + Level 2.2 Dodging
 + Level 3.5 Unarmed Combat
 * Level 3.9 Shapeshifting


You had 3 spell levels left.
You didn't know any spells.
Your spell library contained the following spells:

 Spells                   Type           Power      Damage    Failure   Level
 Jinxbite                 Hex            0%         N/A       58%         2
 Ignite Poison            Fire/Alch      0%         N/A       99%         4
 Sticky Flame             Fire/Alch      0%         2d4       99%         4
 Iskenderun's Battlesphe  Conj           0%         2d6       100%        5
 Yara's Violent Unravell  Hex/Alch       0%         3d3       100%        5
 Bombard                  Conj/Erth      0%         9d1       100%        6
 Enfeeble                 Hex            0%         N/A       100%        7
 Spellforged Servitor     Conj/Summ      0%         N/A       100%        7
 Ignition                 Fire           0%         3d3       100%        8


Dungeon Overview and Level Annotations

Branches:
Dungeon (3/15)

Altars:


Innate Abilities, Weirdness & Mutations

You are a hulking beast.
Your limbs bulge with bestial killing power. (Slay +2)
You are too large for most types of armour.
You have claws for hands.
Your natural rate of healing is unusually fast.
You are covered in fur. (AC +1)
You have tough skin. (AC +1)


Message History

The gnoll attacks as it pursues you! The gnoll hits you with a +0 whip.
The gnoll attacks as it pursues you!
The gnoll hits you from afar with a +0 halberd!
The gnoll attacks as it pursues you! The gnoll barely misses you.
You scratch the gnoll.
The gnoll is moderately wounded.
You scratch the gnoll.
The gnoll is severely wounded.
The gnoll closely misses you.
You barely miss the gnoll.
The gnoll is severely wounded.
The gnoll hits you with a +0 club. The gnoll barely misses you. x2
You closely miss the gnoll.
The gnoll is severely wounded.
The gnoll hits you with a +0 club.
The gnoll hits you from afar with a +0 spear.
The gnoll hits you with a +0 whip.
You closely miss the gnoll.
The gnoll is severely wounded.
The gnoll hits you with a +0 club.
* * * LOW HITPOINT WARNING * * *
The gnoll closely misses you. The gnoll hits you with a +0 whip.
* * * LOW HITPOINT WARNING * * *
You scratch the gnoll. Your claw misses the gnoll.
The gnoll is almost dead.
The gnoll hits you but does no damage.
The gnoll hits you from afar with a +0 spear.
* * * LOW HITPOINT WARNING * * *
It was a potion of attraction.
You feel attractive to monsters. The gnoll barely misses you.
The gnoll hits you with a +0 club.
* * * LOW HITPOINT WARNING * * *
The gnoll barely misses you.
It was a potion of resistance.
You feel protected. The gnoll hits you with a +0 whip.
* * * LOW HITPOINT WARNING * * *
The gnoll hits you but does no damage.
The gnoll hits you from afar with a +0 spear.
You die...

#<...#...# #####†#######
#.....#.....# #.#####.###.# #.#
#.###.## #.# #......# ##.#
#......################
...#####......##ggg...........
...#...#...#+##.h#†..[..######
..##...###.#+#..##......#
..##...# #......!#..=...#
^..#...# #.......#......#
...#...###†......########
...'...'.........#
...#...#..##'#####
...#####.###.#############
...#....>................######


You could see 3 gnolls.

Vanquished Creatures
  A bombardier beetle (D:2)
  2 adders
  2 dart slugs (D:1)
  2 ribbon worms (D:2)
  6 bats
  4 endoplasms
  A giant cockroach (D:1)
  6 goblins
  6 hobgoblins
  A quokka (D:1)
  2 ball pythons (D:2)
  3 frilled lizards (D:1)
  2 kobolds (D:2)
  4 rats
42 creatures vanquished.

Notes
Turn   | Place    | Note
-------+----------+-------------------------------------------
     0 | D:1      | KittyFluff the Troll Shapeshifter began the quest for the
                  | Orb.
     0 | D:1      | Reached XP level 1. HP: 18/18 MP: 0/0
    70 | D:1      | Reached skill level 1 in Fighting
   228 | D:1      | Reached XP level 2. HP: 27/27 MP: 1/1
   793 | D:2      | Reached XP level 3. HP: 33/33 MP: 2/2
  1150 | D:2      | Reached XP level 4. HP: 41/41 MP: 3/3
  1531 | D:3      | Slain by a gnoll

Illustrated notes

Levels and vault maps discovered:
D:1:      minmay_arrival_checkered_box, layout_basic
D:2:      layout_basic
D:3:      layout_basic, minmay_misc_feat_more_columns

Skill      XL: |  1  2  3 |
---------------+----------+-----
Fighting       | 1 |  1.6
Dodging        | 2 |  2.2
Unarmed Combat | |  3.5
Shapeshifting  | |  3.9

Action                     |  1- 3 |  4- 6 || total
---------------------------+-------+-------++-------
  Melee: Unarmed           |    84 |    22 ||   106
         Punch             |     2 |       ||     2
    Use: Scroll            |       |     4 ||     4
         Potion            |       |     2 ||     2
   Stab: Sleeping          |       |     1 ||     1
 Armour: Animal skin       |    48 |    22 ||    70
  Dodge: Dodged            |    48 |    19 ||    67
